 Dungeon Crawl Stone Soup version 0.26-a0-651-gb41185065b (webtiles) character file.

Game seed: 13901745109389243016

(classic levelgen) 9 EnegeticOcto the Sneak (level 2, 0/27 HPs)
             Began as a Deep Dwarf Delver on Oct 24, 2020.
             Slain by a centaur (3 damage)
             ... on level 6 of the Dungeon.
             The game lasted 00:00:27 (60 turns).

EnegeticOcto the Sneak (Deep Dwarf Delver)            Turns: 60, Time: 00:00:27

Health: 0/27       AC:  4    Str: 15    XL:     2   Next: 3%
Magic:  2/2        EV: 12    Int: 10    God:
Gold:   11         SH:  0    Dex: 14    Spells: 1/1 levels left

rFire    . . .     SeeInvis .   a - +0 hand axe
rCold    . . .     Faith    .   (no shield)
rNeg     . . .     Spirit   .   b - +0 leather armour
rPois    .         Reflect  .   i - +0 helmet
rElec    .         Harm     .   (no cloak)
rCorr    .         Rampage  .   (no gloves)
MR       .....                  (no boots)
Stlth    +++.......             (no amulet)
HPRegen  0.00/turn              (no ring)
MPRegen  0.08/turn              (no ring)

@: non-regenerating
A: damage resistance, heal wounds, sense surroundings 1, no regeneration
a: Heal Wounds


You were on level 6 of the Dungeon.
You visited 1 branch of the dungeon, and saw 3 of its levels.

You collected 11 gold pieces.

Inventory:

Hand Weapons
 a - a +0 hand axe (weapon)
Armour
 b - a +0 leather armour (worn)
 i - a +0 helmet (worn)
Wands
 g - a wand of digging (3) {@v3}
Scrolls
 c - a scroll of fog
 e - a scroll of fear
 h - a scroll of remove curse {unknown}
 j - a scroll of identify {unknown}
Potions
 d - 2 potions of invisibility {unknown}
 f - a potion of haste {@q4}


   Skills:
 - Level 2.8 Fighting
 + Level 2.4 Axes
 - Level 2.4 Dodging
 - Level 6.1 Stealth


You had one spell level left.
You didn't know any spells.
Your spell library was empty.

Dungeon Overview and Level Annotations

Branches:
Dungeon (6/15)
 Temple: D:4-7

Altars:
Uskayaw


Innate Abilities, Weirdness & Mutations

You are resistant to damage.
You can heal yourself by infusing magical energy.
You passively map a small area around you.
You do not regenerate.


Message History

Welcome, EnegeticOcto the Deep Dwarf Delver.
Will you prevail where others failed? Will you find the Orb of Zot?
Press ? for a list of commands and other information.
Found a scroll labeled QUONTAIW PULL.
Found a stone staircase leading down and a stone staircase leading up.
Found a hide-covered altar of Uskayaw.
Found a helmet.
There is a stone staircase leading up here.
Found a rapier.
Found an escape hatch in the ceiling.
h - a scroll labeled QUONTAIW PULL You see here a helmet.
You start putting on your armour.
You continue putting on your helmet. x4
You finish putting on your +0 helmet.
There is a stone staircase leading up here.
You climb upwards.
There is a stone staircase leading down here.
As you read the scroll of magic mapping {@r5}, it crumbles to dust.
You feel aware of your surroundings.
You sensed 1 shop/portal.
You climb downwards.
There is a stone staircase leading up here.
There is a stone staircase leading down here.
You climb downwards.
Found 2 sapphire potions and 31 stones.
There is a stone staircase leading up here.
Found a scroll labeled YGOUNUBIAW.
d - 2 sapphire potions A giant cockroach comes into view.
A white imp comes into view.
Found 11 gold pieces.
You see here a scroll labeled YGOUNUBIAW.
j - a scroll labeled YGOUNUBIAW The white imp shouts!
The white imp gestures at you. The puff of frost hits you!
You hit the white imp but do no damage. You hit the giant cockroach.
The giant cockroach bites you.
The giant cockroach bites you but does no damage.
The white imp gestures at you. The puff of frost hits you!
You are too injured to fight recklessly!
You feel much better. The giant cockroach misses you. The white imp hits you.
The white imp freezes you.
You closely miss the giant cockroach.
The giant cockroach is heavily wounded.
You hit the white imp but do no damage. The giant cockroach barely misses you.
The white imp gestures at you. The puff of frost hits you.
You barely miss the giant cockroach.
The giant cockroach is heavily wounded.
You hit the white imp but do no damage. The giant cockroach closely misses you.
The white imp hits you. The white imp freezes you.
The giant cockroach closely misses you.
You are too injured to fight recklessly!
You feel much better.
The white imp hits you but does no damage.
The giant cockroach bites you.
You hit the white imp.
The white imp is heavily wounded.
You hit the giant cockroach.
You kill the giant cockroach!
The white imp shouts, "Escape, thou euchred mumble-news nert!"
The white imp hits you. The white imp freezes you.
You closely miss the white imp.
The white imp is heavily wounded.
The white imp barely misses you.
You hit the white imp.
You kill the white imp!
You have reached level 2!
Found a ring mail.
Found 16 arrows.
Found a stone staircase leading down.
You now have 11 gold pieces.
A centaur comes into view.
The centaur wields a +0 shortbow.
The centaur shoots an arrow.
The arrow closely misses you.
You see here an arrow.
The centaur shoots an arrow.
The arrow closely misses you.
The centaur shoots an arrow.
The arrow hits you!
You see here an arrow.
The centaur shoots an arrow.
The arrow barely misses you.
The centaur shoots an arrow.
The arrow hits you!
You see here an arrow.
The centaur shoots an arrow.
The arrow hits you.
There is a stone staircase leading down here.
You see here an arrow.
You fail to use your ability.
The centaur shoots an arrow.
The arrow hits you.
* * * LOW HITPOINT WARNING * * *
You fail to use your ability.
The centaur unwields a +0 shortbow.
The centaur hits you.
* * * LOW HITPOINT WARNING * * *
You fail to use your ability.
The centaur hits you.
You die...

, , ,, , , , , , , , ,
**** , . , * ,.
.######
#.......########
#.###.......(..##
#..#....(..(@c..# .
###......((.......# ..
...[.....(........#
#.####..............#
,#....#..............#
.#.##................#
....................##
##.....#...........##
####.......##.#####


You could see a centaur.

Vanquished Creatures
  A white imp (D:6)
  A giant cockroach (D:6)
2 creatures vanquished.

Notes
Turn   | Place    | Note
-------+----------+-------------------------------------------
     0 | D:5      | EnegeticOcto the Deep Dwarf Delver began the quest for the
                  | Orb.
     0 | D:5      | Reached XP level 1. HP: 20/20 MP: 1/1
     0 | D:5      | Found a hide-covered altar of Uskayaw.
    46 | D:6      | Reached XP level 2. HP: 24/27 MP: 2/2
    53 | D:6      | Noticed a centaur
    60 | D:6      | Slain by a centaur

Illustrated notes

Levels and vault maps discovered:
D:4:      corexii_shack_village, layout_loops_cross, minmay_shop_mayhem,
          kennysheep_doodads, uniq_sigmund, uniq_crazy_yiuf_cottage
D:5:      layout_loops_ring, okawaru_altar_gauntlet_db,
          minmay_temple_entry_grid, basic_altar, serial_shops, shop,
          uniq_blork_the_orc
D:6:      layout_rooms, serial_shops, shop, shop, kennysheep_mini_moat,
          palyth_stone_intersect, minmay_gold_behind_fungi, uniq_edmund

Action                   || total
-------------------------++-------
Melee: Hand axe          ||     6
 Abil: Heal Wounds       ||     2
  Use: Scroll            ||     1
Armor: Leather armour    ||     2
Dodge: Dodged            ||     8

Table legend: (Time is in decaauts)
 A = Elapsed time spent in this place.
 B = Non-inter-level travel time spent in this place.
 C = Inter-level travel time spent in this place.
 D = Time resting spent in this place.
 E = Time spent auto-exploring this place.
 F = Levels seen in this place.
 G = Mean time per level.
                   A        B        C        D        E       F      G
               +--------+--------+--------+--------+--------+-----+--------+
         Total |     60 |     60 |      0 |      0 |      0 |   3 |   20.0 |
       Dungeon |     60 |     60 |      0 |      0 |      0 |   3 |   20.0 |
               +--------+--------+--------+--------+--------+-----+--------+

Top non-repeatable levels by time:
     D:6: 32 daAuts
     D:5: 25 daAuts
     D:4: 2 daAuts
